AoeStats
← whywhylai222

Arena

506863426Analyzed
3v3 RM · 18d ago on Sep 15, 2026· 40m 32s· 6 players
Game mode
Random Map
Map size
Normal (6 player)
Population
200
Speed
Normal
Resources
Standard
Victory
Conquest
Starting age
Dark Age
Ending age
Imperial Age
RankedLock teamsTeams togetherTeam positionsShared explorationLock speedFull tech treeHidden civsTurbo modeCheats
Victory
Defeat
🇩🇪 Poles · Germany
1533
+13
🇦🇷 Khmer · Argentina
1525
+13
🇦🇷 Maya · Argentina
1489
+15
🇭🇰 Bengalis · Hong Kong SAR China
1482
-14
🇭🇰 Spanish · Hong Kong SAR China
1469
-14
🇭🇰 Hindustanis · Hong Kong SAR China
1447
-13
gjizhijian6866
0:27 Loom
11:12 Feudal Age
14:48 Castle Age
12:48 Double-Bit Axe
13:02 Horse Collar
16:01 Bow Saw
20:36 Fletching
23:38 Bodkin Arrow
24:30 Wheelbarrow
25:37 Padded Archer Armor
26:38 Leather Archer Armor
26:15 Gold Mining
27:23 Ballistics
32:20 Imperial Age
30:00 Heavy Plow
32:17 Hand Cart
32:23 Squires
32:35 Forging
32:15 Pikeman
33:04 Bracer
34:10 Chemistry
32:40 Capped Ram
33:46 Conscription
32:58 Halberdier
34:45 Ring Archer Armor
33:48 Capped Ram
34:41 Town Watch
36:04 Scale Mail Armor
37:08 Masonry
37:18 Chain Mail Armor
37:26 Eagle Warrior
39:02 Holcans
39:37 Plate Mail Armor
41:14 Iron Casting
40:08 Elite Plumed Archer
Hommi
10:53 Feudal Age
14:27 Castle Age
12:44 Double-Bit Axe
12:44 Horse Collar
15:09 Heavy Plow
19:36 Squires
21:01 Squires
20:22 Pikeman
26:31 Wheelbarrow
26:27 Town Watch
26:28 Loom
26:39 Gold Mining
30:05 Imperial Age
28:00 Hand Cart
28:35 Szlachta Privileges
28:40 Husbandry
28:51 Bloodlines
29:33 Scale Barding Armor
29:38 Forging
30:58 Chain Barding Armor
30:17 Cavalier
31:50 Conscription
33:17 Iron Casting
32:11 Light Cavalry
36:13 Blast Furnace
36:18 Capped Ram
37:24 Siege Ram
37:57 Elite Obuch
39:52 Scale Mail Armor
41:11 Chain Mail Armor
40:44 Arson
SP
9:57 Feudal Age
13:35 Castle Age
12:05 Double-Bit Axe
12:01 Horse Collar
14:41 Bow Saw
18:48 Loom
23:16 Heavy Plow
27:34 Wheelbarrow
27:46 Gold Mining
27:47 Stone Mining
32:38 Imperial Age
30:32 Scale Barding Armor
31:14 Bloodlines
31:36 Forging
30:48 Light Cavalry
31:56 Husbandry
32:46 Chain Barding Armor
34:00 Iron Casting
33:35 Hussar
34:40 Hand Cart
35:34 Conscription
36:48 Chemistry
37:03 Plate Barding Armor
36:56 Town Watch
37:33 Ballistics
37:49 Crop Rotation
38:16 Gold Shaft Mining
38:16 Stone Shaft Mining
37:15 Elite Ballista Elephant
38:25 Town Patrol
38:33 Siege Engineers
38:39 Fletching
39:01 Double Crossbow
40:12 Blast Furnace
39:24 Masonry
40:00 Bodkin Arrow
40:35 Herbal Medicine
lunkan
10:51 Feudal Age
11:10 Loom
14:46 Castle Age
12:56 Double-Bit Axe
12:54 Horse Collar
13:16 Gold Mining
16:12 Bow Saw
22:30 Fervor
22:41 Sanctity
26:33 Redemption
29:59 Wheelbarrow
32:39 Imperial Age
31:45 Fletching
33:22 Bodkin Arrow
33:49 Block Printing
34:02 Illumination
35:15 Elite Elephant Archer
36:56 Bracer
37:20 Ballistics
37:55 Fortified Wall
38:00 Pikeman
38:42 Scale Mail Armor
40:31 Chain Mail Armor
Mr.Snake
9:58 Feudal Age
13:38 Castle Age
12:43 Double-Bit Axe
16:28 Scale Barding Armor
20:43 Forging
21:47 Gold Mining
23:11 Wheelbarrow
25:14 Stone Mining
25:07 Horse Collar
26:32 Loom
27:47 Bow Saw
30:25 Imperial Age
28:12 Hand Cart
28:24 Bloodlines
28:35 Chain Barding Armor
29:24 Heavy Plow
30:59 Iron Casting
30:25 Heavy Camel Rider
31:07 Husbandry
31:58 Conscription
33:29 Two-Man Saw
34:16 Plate Barding Armor
35:27 Ballistics
35:00 Imperial Camel Rider
whywhylai222
11:24 Feudal Age
12:29 Double-Bit Axe
14:53 Castle Age
13:10 Horse Collar
15:55 Bow Saw
15:51 Heavy Plow
21:00 Wheelbarrow
21:25 Gold Mining
22:03 Stone Mining
23:17 Loom
27:09 Stone Shaft Mining
27:48 Padded Archer Armor
27:39 Fletching
31:06 Imperial Age
29:01 Leather Archer Armor
28:59 Bloodlines
28:43 Elite Skirmisher
30:41 Ballistics
30:32 Masonry
30:33 Fortified Wall
31:39 Hand Cart
33:07 Conscription
33:34 Ring Archer Armor
32:59 Bodkin Arrow
34:29 Elite Conquistador
36:06 Sanctity
36:43 Sanctity
36:43 Town Watch
38:22 Thumb Ring
Connection lost

Rejoining the realm…

Still unreachable

The connection could not be restored.

Session expired

The server has moved on; the page needs a fresh start.